 Dungeon Crawl Stone Soup version 0.14-a0-2080-ge317583 (webtiles) character file.

274695 Kae the Shatterer (level 19, -1/179 HPs)
             Began as a Minotaur Berserker on Jan 21, 2014.
             Was a High Priest of Trog.
             Slain by a balrug
             ... wielding a +0,+2 demon whip of electrocution
              (17 damage)
             ... on Level 1 of the Abyss on Jan 25, 2014.
             The game lasted 02:38:49 (44167 turns).

Kae the Shatterer (Minotaur Berserker)             Turns: 44167, Time: 02:38:50

HP  -1/179       AC 35     Str 27      XL: 19   Next: 82%
MP  27/27        EV  8     Int 11      God: Trog [*****.]
Gold 3838        SH  0     Dex  9 (11) Spells:  0 memorised, 18 levels left

rFire  . . .     SeeInvis +     m - +5,+8 morningstar "Sotim" {vamp, +Fly rN+ Int+3}
rCold  . . .     Clarity  .     q - +5 orc plate armour
rNeg   + . .     Conserve .     (no shield)
rPois  +         rCorr    .     R - +3 hat of the Princess {+Blink rPois Int+2}
rElec  .         rRot     .     I - +2 elf cloak {rPois}
SustAb . .       Spirit   .     S - +0 pair of elf gloves
rMut   .         Warding  .     P - +0 pair of orc boots
Saprov . . .     Stasis   .     (no amulet)
MR     +++..                    W - ring of see invisible
                                l - +5,+4 ring of slaying

@: regenerating, extremely resistant to hostile enchantments, extremely
unstealthy
A: retaliatory headbutt, horns 2
a: Burn Spellbooks, Berserk, Trog's Hand, Brothers in Arms, Renounce Religion,
Evoke Blink, Evoke Flight
}: 1/15 runes: serpentine


You were on level 1 of the Abyss.
You worshipped Trog.
Trog was extremely pleased with you.
You were not hungry.

You visited 6 branches of the dungeon, and saw 37 of its levels.
You visited the Abyss 3 times.

You collected 3838 gold pieces.

Inventory:

Hand weapons
 b - a +1,+4 hammer of holy wrath
 m - the +5,+8 morningstar "Sotim" (weapon) {vamp, +Fly rN+ Int+3}
   (Trog gifted it to you on level 13 of the Dungeon)

   It inflicts no extra harm, but heals its wielder somewhat when it strikes a
   living foe.
   It affects your intelligence (+3).
   It protects you from negative energy.
   It lets you fly.
 x - a +4,+1 sling of evasion
Missiles
 F - 41 tomahawks
 M - 6 silver tomahawks (quivered)
 Q - 4 steel tomahawks
 U - 4 tomahawks of returning
 Y - 2 poisoned tomahawks
Armour
 q - a +5 orcish plate armour (worn)
 I - a +2 elven cloak of poison resistance (worn)
 P - a +0 pair of orcish boots (worn)
 R - the +3 hat of the Princess (worn) {+Blink rPois Int+2}
   (You found it on level 6 of the Dungeon)

   It affects your intelligence (+2).
   It protects you from poison.
   It lets you blink.
 S - a +0 pair of elven gloves (worn)
Magical devices
 a - a wand of cold (4)
 h - a wand of disintegration (19)
 i - a wand of digging (9)
 v - a wand of hasting (4)
 C - a wand of hasting (3)
 N - a wand of heal wounds (8)
 V - a wand of confusion (14)
Comestibles
 c - 9 bread rations
 D - 3 chunks of swamp drake flesh
 J - 2 meat rations
Scrolls
 d - 2 scrolls of identify
 e - 2 scrolls of fog
 g - 2 scrolls of enchant armour
 n - 6 scrolls of remove curse
 p - a scroll of enchant weapon I
 z - a scroll of blinking
 E - 3 scrolls of fear
 G - a scroll of teleportation
Jewellery
 k - an uncursed amulet of resist corrosion
 l - a +5,+4 ring of slaying (left hand)
 o - a +5 ring of protection
 t - an uncursed ring of teleport control
 u - an uncursed ring of protection from magic
 y - an uncursed ring of fire
 B - an uncursed ring of positive energy
 W - a ring of see invisible (right hand)
Potions
 f - 12 potions of curing
 j - 2 potions of cure mutation
 r - a potion of might
 s - 2 potions of speed
 w - 3 potions of restore abilities
 A - 2 potions of berserk rage
 H - 2 potions of mutation
 K - a potion of invisibility
 O - 2 potions of heal wounds
 X - 2 potions of brilliance
 Z - 4 potions of agility


   Skills:
 + Level 17.9 Fighting
 + Level 22.6 Maces & Flails
 - Level 6.9 Throwing
 + Level 21.3 Armour
 + Level 13.1 Dodging
 - Level 10.0 Evocations


You had 18 spell levels left.
You didn't know any spells.

Dungeon Overview and Level Annotations

Branches:
Dungeon (16/16) Temple (0/1) D:7 Orc (4/4) D:10 Elf (0/3) Orc:4 Lair (8/8) D:9 Shoals (3/5) Lair:6 Snake (5/5) Lair:5 Slime (0/6) Lair:7 Lair:8 Vaults (0/5) D:14 Depths (1/6) D:16

Altars:
Cheibriados
Dithmengos
Fedhas
Nemelex Xobeh
Okawaru
Xom
Yredelemnul
Zin
the Shining One
Beogh

Shops:
D:5 *   Orc:4 (=:=   Snake:5 /**

Portals:
Hell: Depths:1
Pandemonium: Depths:1

Annotations:
Shoals:1 Nikola


Innate Abilities, Weirdness & Mutations

You reflexively headbutt those who attack you in melee.
You have a pair of horns on your head.


Message History

You impale the sun demon!!
The sun demon is almost dead.
The red devil hits you but does no damage.
The sun demon hits you.
* * * LOW HITPOINT WARNING * * *
You are engulfed in flames!
* * * LOW HITPOINT WARNING * * *
You impale the sun demon!!
You kill the sun demon!
Trog accepts your kill. The balrug gestures at you.
The sticky flame misses you.
The small abomination hits you but does no damage.
The red devil hits you but does no damage.
The balrug hits you with a glowing demon whip.
* * * LOW HITPOINT WARNING * * *
You are engulfed in flames!
* * * LOW HITPOINT WARNING * * *
You are electrocuted!
You die...

..............
#... #......##.
#...##......##...
#................
#................
#....%...........#
#................
.
#.......%........#
#....2@..........
#...##......##...#
#... #.x....# .
....4...........
...............
.#..............
#..............
...........
.........


You could see a balrug, a red devil and a small abomination.

Vanquished Creatures
  4 bone dragons (Abyss:1)
  2 krakens (Shoals:1)
  Rupert (Lair:6)
  A daeva (Abyss:1)
  2 fire giants
  A deep elf sorcerer (Depths:1)
  Maud (Lair:8)
  12 tentacled starspawn (Abyss:1)
  3 frost giants (Depths:1)
  Louise (Snake:5)
  2 orc warlords (Orc:4)
  A cacodemon (Abyss:1)
  4 stone giants (Depths:1)
  4 greater nagas (Snake:5)
  A deep elf annihilator (Abyss:1)
  A lorocyproca (Abyss:1)
  A blizzard demon (Abyss:1)
  2 merfolk javelineers
  Snorg (Snake:2)
  3 merfolk impalers
  4 ettins (Depths:1)
  A minotaur (Depths:1)
  A siren (Shoals:2)
  3 yaktaur captains (Depths:1)
  Fannar (Lair:5)
  2 merfolk aquamancers (Shoals:1)
  7 hydras
  A ravenous item mimic (Abyss:1)
  Nessos (D:13)
  A salamander (Snake:5)
  2 dancing weapons (D:14)
  Erica (Lair:8)
  An alligator (Abyss:1)
  4 orc high priests (Orc:4)
  7 anacondas
  6 death yaks (Abyss:1)
  A deep troll shaman (Depths:1)
  A deep troll earth mage (Depths:1)
  5 ogre magi (Depths:1)
  The ghost of M4edhros the Slinger, a powerful OpHu of Fedhas (Orc:2)
  24 naga warriors
  8 wretched stars (Abyss:1)
  2 thrashing horrors (Abyss:1)
  Urug (D:12)
  A rakshasa (Abyss:1)
  2 very ugly things (Depths:1)
  Nergalle (Lair:1)
  7 centaur warriors
  Erolcha (D:12)
  3 iron trolls
  2 sun demons (Abyss:1)
  5 skeletal warriors (D:12)
  7 hell knights (Depths:1)
  2 spatial maelstroms (Abyss:1)
  8 sea snakes
  A giant orange brain (Abyss:1)
  24 large abominations (Abyss:1)
  A giant amoeba (Lair:7)
  11 hill giants
  Pikel (D:8)
  A deep elf conjurer (Abyss:1)
  Joseph (Lair:1)
  2 unseen horrors (D:14)
  A harpy (Shoals:2)
  A necromancer (Depths:1)
  A flaming corpse (Abyss:1)
  A harpy (shapeshifter) (D:13)
  A griffon (D:16)
  A hellion (Abyss:1)
  A draconian (shapeshifter) (Depths:1)
  2 cyclopes
  4 orc knights
  5 elephants (Abyss:1)
  3 orc sorcerers
  4 sixfirhies
  2 apocalypse crabs (Abyss:1)
  A shining eye (Abyss:1)
  6 guardian serpents
  Maurice (Orc:2)
  A tormentor (Abyss:1)
  10 spiny frogs
  An octopode (Depths:1)
  The ghost of Restia the Insei, an experienced DsMo (D:5)
  A feature mimic (Lair:2)
  44 black mambas
  A spiny frog (shapeshifter) (Abyss:1)
  2 eyes of devastation
  3 orange demons (Abyss:1)
  5 smoke demons (Abyss:1)
  2 efreet (Abyss:1)
  2 fire drakes
  A hellwing (Orc:4)
  8 ancient zymes (Abyss:1)
  19 yaktaurs
  6 mermaids
  A hydra zombie (D:16)
  A komodo dragon (Lair:1)
  A yellow draconian skeleton (Abyss:1)
  41 naga magi
  A spriggan (shapeshifter) (Depths:1)
  6 trolls
  5 polar bears (Lair:8)
  A giant leech (Abyss:1)
  A red devil (Abyss:1)
  17 raiju
  A hydra skeleton (D:12)
  11 two-headed ogres
  A queen bee (Lair:3)
  26 slime creatures
  25 blink frogs
  9 grizzly bears (Lair:8)
  2 boulder beetles
  2 guardian serpent zombies (Abyss:1)
  3 shadows
  3 snapping turtles
  3 basilisks
  A redback (Depths:1)
  A guardian serpent skeleton (Abyss:1)
  2 hill giant zombies (D:14)
  A vampire (D:15)
  A flying skull (Abyss:1)
  A griffon skeleton (D:16)
  6 sharks
  5 water elementals (Depths:1)
  A wyvern (shapeshifter) (D:14)
  19 merfolk
  7 hippogriffs
  A deep elf mage (Abyss:1)
  19 ugly things
  4 wraiths
  2 wyverns
  2 hungry ghosts
  8 manticores
  2 steam dragons
  A wandering mushroom (Lair:5)
  10 ynoxinuls (Abyss:1)
  11 vampire mosquitoes
  42 yaks
  13 wolves
  A deep elf fighter (D:9)
  4 spatial vortices (Abyss:1)
  A neqoxec (Abyss:1)
  A soldier ant (D:14)
  3 chaos spawn (Abyss:1)
  25 orc warriors
  3 hell hounds (Lair:8)
  A swamp drake (Abyss:1)
  12 porcupines
  4 sky beasts
  14 small abominations (Abyss:1)
  4 slaves (D:8)
  23 centaurs
  4 ice beasts
  A phantom (D:10)
  54 nagas
  A giant goldfish (Lair:7)
  24 ogres
  A yellow wasp (D:10)
  6 black bears (Lair:8)
  A boring beetle (shapeshifter) (Abyss:1)
  3 big kobolds
  Sigmund (D:3)
  A boring beetle (Lair:7)
  19 giant frogs
  12 giant slugs
  10 wargs
  A brain worm (Abyss:1)
  15 crocodiles
  25 water moccasins
  A gnoll sergeant (D:7)
  7 agate snails
  7 insubstantial wisps (Abyss:1)
  A blink frog simulacrum (Abyss:1)
  2 cyclops skeletons
  A hippogriff zombie (D:10)
  4 jellyfish
  2 eyes of draining
  20 killer bees
  A troll skeleton (D:8)
  A yak skeleton (D:11)
  An electric eel (Snake:5)
  A goliath beetle (D:7)
  9 crimson imps
  23 starcursed masses (Abyss:1)
  A wight (D:13)
  A big fish (Lair:5)
  36 orc priests
  Crazy Yiuf (D:4)
  2 giant frog zombies (D:11)
  2 iron imps (Abyss:1)
  3 jellies
  5 scorpions
  19 hounds
  41 orc wizards
  11 worker ants
  6 iguanas
  3 orange rats (D:14)
  Ijyb (D:3)
  A brain worm zombie (Abyss:1)
  A boggart (Depths:1)
  A mummy (D:10)
  11 gnolls
  A spectral human (D:6)
  A steam dragon zombie (D:8)
  38 adders
  5 giant centipedes
  67 green rats
  2 lemures (Abyss:1)
  6 white imps
  A worm zombie (D:7)
  2 giant mites
  3 worms
  28 ufetubi (Abyss:1)
  7 grey rats (D:14)
  An iguana skeleton (D:11)
  An iguana zombie (D:7)
  2 giant eyeballs (D:12)
  5 giant geckos
  3 oozes
  194 orcs
  A bat skeleton (D:4)
  4 giant cockroaches
  22 hobgoblins
  17 kobolds
  9 quokkas
  7 ball pythons
  39 bats
  9 giant newts
  4 giant spores
  26 goblins
  A goblin skeleton (D:4)
  17 illusory rakshasas
  32 jackals
  An orc skeleton (D:4)
  22 rats
  2 rat skeletons
  A spectral orc (Lair:1)
  10 ballistomycetes
  7 fungi
  6 plants
  4 starspawn tentacles (Abyss:1)
  8 tentacles (Shoals:1)
1796 creatures vanquished.

Vanquished Creatures (collateral kills)
  A fire giant (Depths:1)
  An ettin (Depths:1)
  A deep elf high priest (Depths:1)
  A rakshasa (Depths:1)
  A centaur warrior (Depths:1)
  2 hell knights (Depths:1)
  A necromancer (Depths:1)
  6 yaktaurs (Depths:1)
  A red devil (Depths:1)
  A giant eyeball (Depths:1)
16 creatures vanquished.

Vanquished Creatures (others)
  A stone giant (Depths:1)
  A naga mage (Snake:5)
  A troll (Depths:1)
  An electric eel (Snake:5)
  An orc wizard (Orc:4)
  An orc (D:5)
  A quokka (Abyss:1)
  A giant spore (D:6)
  3 illusory rakshasas
  2 lurking horrors (Abyss:1)
  A fungus (D:9)
  3 plants
  23 starspawn tentacles (Abyss:1)
  92 starspawn tentacle segments (Abyss:1)
  23 tentacles (Shoals:1)
  781 tentacle segments (Shoals:1)
936 creatures vanquished.

Grand Total: 2748 creatures vanquished

Notes
Turn   | Place    | Note
--------------------------------------------------------------
     0 | D:1      | Kae, the Minotaur Berserker, began the quest for the Orb.
     0 | D:1      | Reached XP level 1. HP: 19/19 MP: 1/1
    42 | D:1      | Reached skill level 4 in Maces & Flails
   108 | D:1      | Reached XP level 2. HP: 26/26 MP: 1/1
   187 | D:1      | Acquired Trog's second power
   353 | D:1      | Reached skill level 5 in Maces & Flails
   669 | D:2      | Reached XP level 3. HP: 29/31 MP: 2/2
   918 | D:2      | HP: 1/31 [poisoned by an adder]
  1338 | D:2      | Found a blossoming altar of Fedhas.
  1420 | D:2      | Found a shimmering altar of Xom.
  1718 | D:3      | Found a snail-covered altar of Cheibriados.
  1799 | D:3      | Reached skill level 6 in Maces & Flails
  1799 | D:3      | Reached XP level 4. HP: 31/39 MP: 2/2
  1867 | D:3      | Noticed Ijyb
  1884 | D:3      | Killed Ijyb
  1998 | D:3      | Reached skill level 7 in Maces & Flails
  1998 | D:3      | Reached XP level 5. HP: 45/45 MP: 2/2
  2042 | D:3      | Found a sparkling altar of Nemelex Xobeh.
  2252 | D:3      | Noticed Sigmund
  2258 | D:3      | Killed Sigmund
  2258 | D:3      | Reached skill level 8 in Maces & Flails
  2750 | D:4      | Reached XP level 6. HP: 51/51 MP: 3/3
  3104 | D:4      | Noticed Crazy Yiuf
  3111 | D:4      | Killed Crazy Yiuf
  3111 | D:4      | Reached skill level 9 in Maces & Flails
  3386 | D:4      | Found a sparkling altar of Nemelex Xobeh.
  3439 | D:4      | Noticed an ogre
  3443 | D:4      | Killed an ogre
  3445 | D:4      | Reached XP level 7. HP: 45/57 MP: 3/3
  3447 | D:4      | Acquired Trog's third power
  3580 | D:5      | Entered Level 5 of the Dungeon
  3899 | D:5      | Reached skill level 10 in Maces & Flails
  3959 | D:5      | Noticed Restia's ghost (experienced DsMo)
  3966 | D:5      | Killed Restia's ghost
  3966 | D:5      | Reached skill level 11 in Maces & Flails
  4020 | D:5      | Reached XP level 8. HP: 29/64 MP: 3/3
  4192 | D:5      | Found Weukheoz's General Store.
  4371 | D:6      | Found a glowing golden altar of the Shining One.
  4448 | D:6      | Found a basalt altar of Yredelemnul.
  4615 | D:6      | Found an iron altar of Okawaru.
  5033 | D:6      | Reached skill level 12 in Maces & Flails
  5164 | D:6      | Got a smoking hat
  5167 | D:6      | Identified the +3 hat of the Princess {+Blink rPois Int+2} (You found it on level 6 of the Dungeon)
  5230 | D:7      | Found a staircase to the Ecumenical Temple.
  5393 | D:7      | Reached skill level 13 in Maces & Flails
  5764 | D:7      | Reached XP level 9. HP: 70/70 MP: 4/4
  5875 | D:7      | Reached skill level 14 in Maces & Flails
  6196 | D:8      | Noticed Pikel
  6211 | D:8      | Killed Pikel
  6211 | D:8      | Reached skill level 15 in Maces & Flails
  6515 | D:8      | Paralysed by a potion of paralysis for 6 turns
  6811 | D:8      | Found a glowing silver altar of Zin.
  6886 | D:9      | Reached skill level 16 in Maces & Flails
  6953 | D:9      | Received a gift from Trog
  7058 | D:9      | Found a shadowy altar of Dithmengos.
  7077 | D:9      | Reached XP level 10. HP: 70/77 MP: 4/4
  7487 | D:9      | Found a staircase to the Lair.
  7836 | D:10     | Entered Level 10 of the Dungeon
  7903 | D:10     | Reached skill level 17 in Maces & Flails
  8363 | D:10     | Noticed a hill giant
  8376 | D:10     | Killed a hill giant
  8486 | D:10     | Reached skill level 5 in Fighting
  8607 | D:10     | Reached skill level 5 in Armour
  8801 | D:10     | Received a gift from Trog
  9209 | D:10     | Reached skill level 5 in Dodging
  9337 | D:10     | Found a staircase to the Orcish Mines.
  9668 | D:11     | Reached XP level 11. HP: 78/91 MP: 4/4
 10598 | D:11     | HP: 2/92 [two-headed ogre/giant spiked club (17)]
 11155 | D:12     | Noticed a skeletal warrior
 11155 | D:12     | Noticed a skeletal warrior
 11287 | D:12     | Paralysed by a giant eyeball for 4 turns
 11510 | D:12     | Noticed Urug
 11516 | D:12     | Killed Urug
 11637 | D:12     | Noticed Erolcha
 11652 | D:12     | Killed Erolcha
 11775 | D:12     | Noticed a skeletal warrior
 11775 | D:12     | Noticed a skeletal warrior
 11776 | D:12     | Noticed a skeletal warrior
 11788 | D:12     | Killed a skeletal warrior
 11794 | D:12     | Killed a skeletal warrior
 11801 | D:12     | Killed a skeletal warrior
 11809 | D:12     | Killed a skeletal warrior
 11816 | D:12     | Killed a skeletal warrior
 12129 | D:9      | Received a gift from Trog
 12142 | Lair:1   | Entered Level 1 of the Lair of Beasts
 12200 | Lair:1   | Noticed Joseph
 12215 | Lair:1   | Killed Joseph
 12301 | Lair:1   | Found a glowing golden altar of the Shining One.
 12331 | Lair:1   | Noticed Nergalle
 12356 | Lair:1   | Killed Nergalle
 12356 | Lair:1   | Reached XP level 12. HP: 102/106 MP: 5/5
 12920 | Lair:2   | Reached skill level 10 in Armour
 13117 | Lair:2   | Received a gift from Trog
 13301 | Lair:2   | Reached skill level 10 in Fighting
 14525 | Lair:3   | Received a gift from Trog
 15446 | Lair:5   | Found a staircase to the Snake Pit.
 15555 | Lair:5   | Noticed Fannar
 15566 | Lair:5   | Killed Fannar
 15570 | Lair:5   | Received a gift from Trog
 15618 | Lair:5   | You fall through a shaft for 3 floors!
 15618 | Lair:8   | Entered Level 8 of the Lair of Beasts
 15618 | Lair:8   | Noticed Erica
 15622 | Lair:8   | Noticed Maud
 15622 | Lair:8   | Killed Erica
 15630 | Lair:8   | Reached XP level 13. HP: 95/117 MP: 5/5
 15638 | Lair:8   | Killed Maud
 15882 | Lair:8   | Noticed a four-headed hydra
 15892 | Lair:8   | Killed a four-headed hydra
 15968 | Lair:8   | Found a staircase to the Slime Pits.
 16331 | Lair:7   | Received a gift from Trog
 16765 | Lair:7   | Found a staircase to the Slime Pits.
 17243 | Lair:6   | Noticed Rupert
 17276 | Lair:6   | Killed Rupert
 17276 | Lair:6   | Reached skill level 15 in Armour
 17518 | Lair:6   | Found a staircase to the Shoals.
 18532 | Lair:8   | Received a gift from Trog
 18568 | Lair:8   | Reached skill level 18 in Maces & Flails
 18709 | Lair:8   | Reached XP level 14. HP: 57/129 MP: 5/5
 19132 | Lair:8   | Reached XP level 15. HP: 133/137 MP: 6/6
 20178 | D:13     | Received a gift from Trog
 20199 | D:13     | Got a dazzling morningstar {god gift}
 20200 | D:13     | Identified the +5,+8 morningstar "Sotim" {vamp, +Fly rN+ Int+3} (Trog gifted it to you on level 13 of the Dungeon)
 20579 | D:13     | Noticed Nessos
 20594 | D:13     | Killed Nessos
 21120 | Orc:1    | Entered Level 1 of the Orcish Mines
 21607 | Orc:2    | Noticed M4edhros' ghost (powerful OpHu)
 21617 | Orc:2    | Killed M4edhros' ghost
 21675 | Orc:2    | Noticed Maurice
 21706 | Orc:2    | Killed Maurice
 22224 | Orc:1    | Received a gift from Trog
 23048 | Orc:3    | Received a gift from Trog
 23230 | Orc:4    | Entered Level 4 of the Orcish Mines
 23340 | Orc:4    | Found a roughly hewn altar of Beogh.
 23502 | Orc:4    | Reached skill level 19 in Maces & Flails
 23633 | Orc:4    | Found a staircase to the Elven Halls.
 23635 | Orc:4    | Received a gift from Trog
 24290 | Orc:4    | Found Ylefatze's Weapon Shoppe.
 24290 | Orc:4    | Found Smoigual's Jewellery Shoppe.
 24373 | Orc:4    | Found Psuad's Jewellery Emporium.
 24373 | Orc:4    | Found Qipses' Book Emporium.
 25101 | D:14     | Received a gift from Trog
 25275 | D:14     | HP: 6/139 [very large slime creature (25)]
 25800 | D:14     | Found a gate to the Vaults.
 26057 | D:15     | Entered Level 15 of the Dungeon
 26554 | D:16     | Entered Level 16 of the Dungeon
 26693 | D:16     | Found a staircase to the Depths.
 26776 | D:16     | Reached XP level 16. HP: 108/147 MP: 6/6
 26925 | D:16     | Reached skill level 15 in Fighting
 27385 | D:16     | Upgraded the game from 0.14-a0-2061-g6c6fb9c to 0.14-a0-2080-ge317583
 27415 | Depths:1 | Entered Level 1 of the Depths
 27420 | Depths:1 | Received a gift from Trog
 27435 | Depths:1 | Reached skill level 20 in Maces & Flails
 28050 | Depths:1 | Found a gateway to Hell.
 28553 | Depths:1 | Received a gift from Trog
 29199 | Depths:1 | Paralysed by a giant eyeball for 3 turns
 29361 | Depths:1 | Cast into the Abyss (hell knight)
 29768 | Depths:1 | Escaped the Abyss
 29776 | Depths:1 | Reached skill level 21 in Maces & Flails
 30005 | Depths:1 | Received a gift from Trog
 30188 | Depths:1 | Reached XP level 17. HP: 158/158 MP: 6/6
 30411 | Depths:1 | Got an ancient tin ring
 31316 | Depths:1 | Found a one-way gate leading to the halls of Pandemonium.
 31818 | Snake:1  | Entered Level 1 of the Snake Pit
 31925 | Lair:2   | Identified the ring "Plog" {rPois rF+ Int+3} (You took it off a hell knight on level 1 of the Depths)
 32658 | Snake:1  | Received a gift from Trog
 33221 | Snake:2  | Reached skill level 1 in Throwing
 33249 | Snake:2  | Reached skill level 1 in Evocations
 33325 | Snake:2  | Noticed Snorg
 33333 | Snake:2  | Killed Snorg
 34865 | Snake:4  | Received a gift from Trog
 35084 | Snake:4  | Reached skill level 5 in Evocations
 35444 | Snake:5  | Entered Level 5 of the Snake Pit
 35444 | Snake:5  | Found Wiwulom's Assorted Antiques.
 35444 | Snake:5  | Found Opiaj's Magical Wand Shop.
 35721 | Snake:5  | Noticed Louise
 35817 | Snake:5  | Killed Louise
 35919 | Snake:5  | Found Cryn's General Store.
 36187 | Snake:5  | Received a gift from Trog
 36240 | Snake:5  | Reached skill level 5 in Throwing
 36843 | Snake:5  | Reached XP level 18. HP: 167/167 MP: 23/23
 36908 | Snake:5  | Reached skill level 10 in Dodging
 36994 | Snake:5  | Received a gift from Trog
 37278 | Snake:5  | Got a serpentine rune of Zot
 37859 | Shoals:1 | Entered Level 1 of the Shoals
 37941 | Shoals:1 | HP: 5/167 [merfolk aquamancer/great wave of water (28)]
 38866 | Shoals:1 | Noticed Nikola
 39008 | Shoals:2 | Received a gift from Trog
 40214 | Shoals:3 | Cast into the Abyss (merfolk impaler)
 40214 | Abyss:1  | Found a corrupted altar of Lugonu.
 40326 | Abyss:1  | Found a corrupted altar of Lugonu.
 40727 | Abyss:1  | Reached skill level 10 in Evocations
 40991 | Abyss:1  | Noticed a bone dragon
 40993 | Abyss:1  | Noticed a bone dragon
 41021 | Abyss:1  | Killed a bone dragon
 41027 | Abyss:1  | Killed a bone dragon
 41269 | Abyss:1  | Received a gift from Trog
 41494 | Abyss:1  | Found a shimmering altar of Xom.
 41672 | Abyss:1  | Reached skill level 22 in Maces & Flails
 41707 | Abyss:1  | Reached XP level 19. HP: 177/177 MP: 27/27
 41883 | Abyss:1  | Paralysed by you for 2 turns
 42644 | Shoals:3 | Escaped the Abyss
 42844 | Shoals:3 | Received a gift from Trog
 42896 | Shoals:3 | Cast into the Abyss (merfolk impaler)
 42896 | Abyss:1  | Found a corrupted altar of Lugonu.
 43124 | Abyss:1  | Noticed a bone dragon
 43149 | Abyss:1  | Killed a bone dragon
 43353 | Abyss:1  | Found a corrupted altar of Lugonu.
 43756 | Abyss:1  | Found a radiant altar of Vehumet.
 43863 | Abyss:1  | Found a radiant altar of Vehumet.
 43957 | Abyss:1  | Noticed a bone dragon
 43981 | Abyss:1  | Killed a bone dragon
 44167 | Abyss:1  | Slain by a balrug

Action                   |  1- 3 |  4- 6 |  7- 9 | 10-12 | 13-15 | 16-18 | 19-21 || total
-------------------------+-------+-------+-------+-------+-------+-------+-------++-------
Melee: Mace              |    77 |    98 |       |       |       |       |       ||   175
       Hammer            |       |    15 |   337 |   501 |       |       |       ||   853
       Unarmed           |       |       |       |    57 |       |       |       ||    57
       Flail             |       |       |       |     9 |       |       |       ||     9
       Great mace        |       |       |       |   237 |   391 |       |       ||   628
       Demon whip        |       |       |       |       |   105 |       |       ||   105
       Morningstar       |       |       |       |       |   839 |  1849 |   628 ||  3316
Throw: Tomahawk          |       |       |     4 |       |     1 |     6 |       ||    11
Invok: Trog's Hand       |     1 |       |     1 |     2 |     4 |    16 |    11 ||    35
       Berserk           |       |     1 |     1 |     7 |     2 |     8 |     1 ||    20
       Burn Spellbooks   |       |       |     1 |       |     1 |       |       ||     2
       Brothers in Arms  |       |       |       |       |       |     6 |       ||     6
 Abil: Evoke Invisibilit |       |       |       |       |     1 |       |       ||     1
       Evoke Flight      |       |       |       |       |       |     4 |       ||     4
       Evoke Blink       |       |       |       |       |       |     3 |       ||     3
Evoke: Wand              |       |       |       |    10 |     2 |    10 |     1 ||    23
  Use: Scroll            |     1 |       |    18 |     5 |    20 |    18 |     2 ||    64
       Potion            |       |       |     8 |     2 |     2 |     4 |     2 ||    18
 Stab: Fleeing           |       |       |       |       |     1 |       |       ||     1
       Invisible         |       |       |       |       |     1 |       |       ||     1
       Distracted        |       |       |       |       |       |     4 |       ||     4
